 Dungeon Sprint DCSS version bcrawl-1.20.1-3-gdcb1fc31ed (webtiles) character file.

Game seed: 4085663956892494584

23 McKennaii the Firebug (level 2, -2/30 HPs)
             Began as a Djinni Fire Elementalist on Feb 3, 2020.
             Slain by a worker ant (5 damage)
             ... in the Dungeon (Sprint II: "The Violet Keep of Menkaure").
             The game lasted 00:00:37 (31 turns).

McKennaii the Firebug (Djinni Fire Elementalist)      Turns: 31, Time: 00:00:37

Health: -2/30      AC:  2    Str: 15    XL:     2   Next: 75%
Magic:  5/7        EV: 13    Int: 17    God:
Gold:   0          SH:  0    Dex: 11    Spells: 8/9 levels left

rFire    . . .     SeeInvis .   (no weapon)
rCold    . . .     Gourm    .   (no shield)
rNeg     . . .     Faith    .   a - +0 robe
rPois    .         Spirit   .   (no helmet)
rElec    .         Reflect  .   (no cloak)
rCorr    .         Harm     .   (no gloves)
MR       .....     Rnd*Rage +   (boots unavailable) Stlth ..........NoTele +
                                (no amulet)
HPRegen  0.10/turn              (no ring)
MPRegen  0.10/turn              (no ring)

@: berserking (expiring), flying, very quick
A: never pass out, berserk 2, blurry vision 2, wild magic 1, MP-powered wands,
floating
a: no special abilities


You were in the Dungeon.
You were not hungry.

You visited 1 branch

Inventory:

Missiles
 c - 40 stones (quivered)
Armour
 a - a +0 robe (worn)
Scrolls
 j - a scroll of blinking
Potions
 d - a potion of curing
 f - a potion of heal wounds
 g - a potion of haste
 h - 2 potions of magic
Comestibles
 e - a ration {!d}


   Skills:
 + Level 0.1 Fighting
 + Level 2.9 Dodging
 + Level 2.2 Stealth
 + Level 4.2 Spellcasting
 + Level 1.1 Conjurations
 + Level 6.1 Fire Magic


You had 8 spell levels left.
You knew the following spells:

 Your Spells              Type           Power        Failure   Level  Hunger
a - Flame Tongue          Conj/Fire      ###..        6%          1    None

Your spell library contained the following spells:

 Spells                   Type           Power        Failure   Level  Hunger
 Flaming Arrows           Chrm/Fire      ###.....     11%         2    ##.....
 Conjure Flame            Conj/Fire      ###.....     16%         3    ###....
 Inner Flame              Hex/Fire       N/A          19%         3    ###....
 Sticky Flame             Conj/Fire      ###.....     43%         4    ####...
 Fireball                 Conj/Fire      ###.......   75%         5    ######.


Dungeon Overview and Level Annotations

Branches:
Dungeon (1/1)

Altars:


Innate Abilities, Weirdness & Mutations

You never pass out after going berserk.
You often lose your temper in combat.
Scrolls take you longer to read.
Your spells are a little harder to cast, but a little more powerful.
You expend magic power (3 MP) to strengthen your wands.
Your body floats in the air.


Message History

You barely miss the worker ant.
The worker ant is severely wounded.
The worker ant closely misses you.
You closely miss the worker ant.
The worker ant is heavily wounded.
The worker ant bites you.
* * * LOW HITPOINT WARNING * * *
You punch the worker ant!
You kill the worker ant!
Your Stealth skill increases to level 2!
Your Spellcasting skill increases to level 4!
Your Fire Magic skill gained 3 levels and is now at level 6!
You have reached level 2!
Unknown command.
You completely miss the worker ant.
The worker ant waves its antennae.
The worker ant bites you.
* * * LOW HITPOINT WARNING * * *
You barely miss the worker ant. The worker ant bites you.
You die...

## ##. ## .w
#w # w#. #
##. #+# 3#
#.m.##.##.3#
#.+.<.+$#
#...##@##3#
##. #a# 3# #


a#a # .. .. ### ### You could see 3 worker ants.

Vanquished Creatures
  A worker ant (D)
1 creature vanquished.

Notes
Turn   | Place    | Note
-------+----------+-------------------------------------------
     0 | D        | McKennaii the Djinni Fire Elementalist began the quest for
                  | the Orb.
     0 | D        | Reached XP level 1. HP: 14/14 MP: 4/4
     1 | D        | Noticed a worker ant
     1 | D        | Noticed a worker ant
     1 | D        | Noticed a worker ant
     1 | D        | Noticed a worker ant
     5 | D        | Noticed a merfolk siren
    13 | D        | Noticed a neqoxec
    13 | D        | Noticed a neqoxec
    13 | D        | Noticed a neqoxec
    13 | D        | Noticed a neqoxec
    29 | D        | Killed a worker ant
    29 | D        | Reached skill level 6 in Fire Magic
    29 | D        | Reached XP level 2. HP: 5/20 MP: 5/7
    31 | D        | Slain by a worker ant

Skill      XL: |  1 |
---------------+----+-----
Stealth        | 2 |  2.2
Spellcasting   | 4 |  4.2
Fire Magic     | 6 |  6.1
Fighting       | |  0.1
Dodging        | |  2.9
Conjurations   | |  1.1

Action                   || total
-------------------------++-------
Melee: Unarmed           ||    13
  Use: Potion            ||     1
Dodge: Dodged            ||     4
